 Seeded DCSS version 0.29.1-2-gbd0b4ee654 (webtiles) character file.

Game seed: 20221031 (custom seed)

26 Nerdsrcool the Poker (level 3, 0/30 HPs)
             Began as a Merfolk Chaos Knight on Oct 31, 2022.
             Was a Plaything of Xom.
             Slain by a tarantella (shapeshifter) (4 damage)
             ... on level 1 of the Dungeon.
             The game lasted 00:02:44 (427 turns).

Nerdsrcool the Poker (Merfolk Chaos Knight)          Turns: 427, Time: 00:02:45

Health: 0/30       AC:  6    Str: 14    XL:     3   Next: 8%
Magic:  3/3        EV: 12    Int: 11    God:    Xom [..*...]
Gold:   0          SH:  0    Dex: 13    Spells: 2/2 levels left

rFire   . . .      SeeInvis .   a - +0 spear (chaos)
rCold   . . .      Faith    .   (no shield)
rNeg    . . .      Spirit   .   b - +2 leather armour
rPois   .          Reflect  .   j - +0 helmet
rElec   .          Harm     .   (no cloak)
rCorr   .          Rampage  .   (no gloves)
Will    .....                   (no boots)
Stlth   +.........              (no amulet)
HPRegen 0.10/turn               (no ring)
MPRegen 0.08/turn               (no ring)

@: no status effects
A: (nimble swimmer 2), mertail
a: Renounce Religion


You were on level 1 of the Dungeon.
You worshipped Xom.
You were a toy of Xom.
You visited 1 branch of the dungeon, and saw 1 of its levels.

Inventory:

Hand Weapons
 a - a +0 spear of chaos (weapon)
Missiles
 i - 4 poisoned darts
Armour
 b - a +2 leather armour (worn)
 j - a +0 helmet (worn)
Scrolls
 e - a scroll of blinking {unknown}
 f - a scroll of poison {unknown}
 g - a scroll of enchant weapon {unknown}
 h - 2 scrolls of immolation {unknown}
Potions
 d - a potion of cancellation {unknown}
 k - a potion of curing {unknown}
Miscellaneous
 c - a piece from Xom's chessboard (14/15) (quivered)


   Skills:
 + Level 3.6 Fighting
 + Level 4.4 Polearms
 + Level 1.1 Armour
 + Level 3.2 Dodging


You had 2 spell levels left.
You didn't know any spells.
Your spell library was empty.

Dungeon Overview and Level Annotations

Branches:
Dungeon (1/15)

Altars:


Innate Abilities, Weirdness & Mutations

((You are very nimble when in or above water. (Stealth+, EV+, Speed+++)))
Your lower body shifts to a powerful aquatic tail in water.


Message History

The hobgoblin shouts!
You hit the jackal but do no damage. The jackal bites you.
A frilled lizard comes into view.
The frilled lizard hisses angrily.
You hit the jackal.
The jackal is poisoned.
The jackal is almost dead.
The jackal misses you. The kobold closely misses you.
You closely miss the jackal.
The jackal is almost dead.
The jackal barely misses you.
You hit the kobold but do no damage. The jackal barely misses you.
The kobold misses you. The jackal misses you.
You hit the kobold but do no damage.
The kobold is poisoned.
You kill the jackal!
The kobold barely misses you.
You hit the kobold but do no damage. The kobold barely misses you.
The jackal barks!
You hit the kobold.
You kill the kobold!
You barely miss the hobgoblin. The hobgoblin closely misses you.
You hit the hobgoblin.
The hobgoblin changes into a shapeshifter!
The shapeshifter changes into a tarantella!
You make a move on Xom's chessboard...
The frilled lizard appears confused.
The tarantella touches you!
* * * LOW HITPOINT WARNING * * *
The frilled lizard closely misses itself.
You don't know any spells.
The frilled lizard barely misses the jackal.
The jackal attacks as you move away!
The jackal bites you but does no damage.
The tarantella closely misses you. The jackal attacks as you move away!
The jackal bites you but does no damage.
You miss the tarantella. The tarantella closely misses you.
You hit the tarantella. You freeze the tarantella.
The tarantella is moderately wounded.
The tarantella touches you.
You die...
Xom bursts into laughter!

####)................#...#.......
........######....(.##...+.......
........# #......##...#.......
.[......######......##.###.......
...............#+#####. #.......
#####.......##.....# #. ########
#.......##.....# #....#
#.......##.....###+#####.....
#.......####@................
#.......#.hs#####..........#.
.........#...#####..........#.
....#####.l...................
#.)..######.#.......#. ...#.....
.....⌠...⌠.#. .....#.###.#
#....#'#..## .......#.#
....#..#<#..# .......#.#
.#.#..###..##


You could see a tarantella shaped shifter, a jackal and a frilled lizard
(confused).

Vanquished Creatures
  4 endoplasms (D:1)
  A giant cockroach (D:1)
  A goblin (D:1)
  A hobgoblin (D:1)
  3 jackals (D:1)
  6 kobolds (D:1)
  2 quokkas (D:1)
  A ball python (D:1)
  A bat (D:1)
  A frilled lizard (D:1)
  2 rats (D:1)
23 creatures vanquished.

Notes
Turn   | Place    | Note
-------+----------+-------------------------------------------
     0 | D:1      | Nerdsrcool the Merfolk Chaos Knight began the quest for the
                  | Orb.
     0 | D:1      | Reached XP level 1. HP: 18/18 MP: 1/1
   154 | D:1      | Reached XP level 2. HP: 21/24 MP: 2/2
   227 | D:1      | Reached skill level 1 in Armour
   267 | D:1      | XOM: silly message
   413 | D:1      | Reached XP level 3. HP: 15/29 MP: 3/3
   421 | D:1      | Noticed a shapeshifter
   421 | D:1      | a hobgoblin changed into a shapeshifter
   421 | D:1      | Noticed a tarantella
   421 | D:1      | a shapeshifter changed into a tarantella
   427 | D:1      | Slain by a tarantella (shapeshifter)

Illustrated notes

Levels and vault maps discovered:
D:1:      scummos_arrival_simple_fountains, layout_basic

Skill      XL: |  1  2 |
---------------+-------+-----
Dodging        | 3 |  3.2
Armour         | 1 |  1.1
Fighting       | |  3.6
Polearms       | |  4.4

Action                   || total
-------------------------++-------
Melee: Spear             ||    79
Evoke: Piece from Xom's  ||     1
Armor: Leather armour    ||    21
Dodge: Dodged            ||    36
